 Dungeon Crawl Stone Soup version 0.19-a0-1238-gee6bd96 (webtiles) character file.

117 MovingMist the Covered (level 5, -8/33 HPs)
             Began as a Gargoyle Fighter on Aug 26, 2016.
             Killed by divine providence
             ... invoked by an orc priest
              (17 damage)
             ... on level 3 of the Dungeon.
             The game lasted 00:07:22 (1673 turns).

MovingMist the Covered (Gargoyle Fighter)           Turns: 1673, Time: 00:07:22

Health: -8/33      AC: 11    Str: 19    XL:     5   Next: 1%
Magic:  5/5        EV: 10    Int:  9    God:
Gold:   221        SH:  0    Dex: 10    Spells: 0 memorised, 4 levels left

rFire  . . .     SeeInvis .     a - +1 flail
rCold  + . .     Gourm    .     b - +0 scale mail
rNeg   + + .     Faith    .     (no shield)
rPois  ∞         Spirit   .     (no helmet)
rElec  +         Dismiss  .     (no cloak)
rCorr  .         Reflect  .     (no gloves)
MR     .....     Harm     .     (no boots)
Stlth  ..........               (no amulet)
                                h - ring of positive energy (curse)
                                e - ring of protection from cold

@: no status effects
A: negative energy resistance 1, electricity resistance, unbreathing,
petrification resistance, rot immunity, AC +4
a: no special abilities


You were on level 3 of the Dungeon.
You were not hungry.

You visited 1 branch of the dungeon, and saw 3 of its levels.

You collected 221 gold pieces.

Inventory:

Hand Weapons
 a - a +1 flail (weapon)
Armour
 b - a +0 scale mail (worn)
Jewellery
 e - a ring of protection from cold (left hand)
 h - a cursed ring of positive energy (right hand)
 j - an uncursed ring of stealth {unknown}
 k - an uncursed ring of positive energy
Wands
 q - a wand of polymorph (16/24)
Scrolls
 m - 2 scrolls of random uselessness
 p - a scroll of remove curse
Potions
 d - a potion of might
 g - a potion of agility
 l - a potion of haste {unknown}
 n - a potion of lignification {unknown}
 o - a potion of ambrosia {unknown}
Comestibles
 c - 9 chunks of flesh
 f - 2 bread rations
 i - a slice of pizza


   Skills:
 - Level 4.0 Fighting
 * Level 3.1 Maces & Flails
 - Level 4.1 Armour
 + Level 1.6 Dodging
   Level 3.2 Shields


You had 4 spell levels left.
You didn't know any spells.

Dungeon Overview and Level Annotations

Branches:
Dungeon (3/15)

Altars:


Innate Abilities, Weirdness & Mutations

You are resistant to torment.
Your stone body is resilient. (AC +4)
You are immune to poison.
You resist negative energy. (rN+)
You are resistant to electric shocks. (rElec)
You can survive without breathing.
You are immune to petrification.
You are immune to rotting.


Message History

The orc priest is lightly wounded.
The orc priest hits you but does no damage.
The orc priest closely misses you.
The orc priest calls down the wrath of Beogh upon you.
You are unaffected.
You closely miss the orc priest.
The orc priest is lightly wounded.
The orc priest hits you but does no damage.
The orc priest calls down the wrath of Beogh upon you.
Pain shoots through your body!
* * * LOW HITPOINT WARNING * * *
You barely miss the orc priest.
The orc priest is lightly wounded.
The orc priest hits you but does no damage. x2
You hit the orc priest.
The orc priest is heavily wounded.
The orc priest mumbles some strange prayers to Beogh against you.
Beogh smites you!
Ouch! That really hurt!
You die...

################
...............#
..........####.#
#########.####(## #
#...##..#
#########...###.######..
........'...+..o.......>
#######.#...####@#######
......#.#.### #o#
##...##.#.# #o#
##...##.#.# #o.
##...##.#.# ##.
##...##.#.# ..
.)[..##.#.# #. .....##.#
.# ........#


You could see 2 orc priests and 2 orcs.

Vanquished Creatures
  Jessica (D:3)
  2 adders (D:2)
  2 worms (D:2)
  A dart slug (D:1)
  A giant gecko (D:1)
  An orc (D:3)
  3 giant cockroaches
  6 goblins
  7 hobgoblins
  8 jackals
  A quokka (D:2)
  2 ball pythons
  9 bats
  3 giant newts
  6 kobolds
  7 rats
  A fungus (D:1)
61 creatures vanquished.

Notes
Turn   | Place    | Note
-------+----------+-------------------------------------------
     0 | D:1      | MovingMist the Gargoyle Fighter began the quest for the Orb.
     0 | D:1      | Reached XP level 1. HP: 14/14 MP: 1/1
    85 | D:1      | Reached XP level 2. HP: 13/19 MP: 2/2
   227 | D:1      | Reached XP level 3. HP: 17/24 MP: 3/3
   716 | D:2      | Reached skill level 1 in Dodging
   946 | D:2      | Reached XP level 4. HP: 29/29 MP: 4/4
  1590 | D:3      | Noticed Jessica
  1598 | D:3      | Killed Jessica
  1626 | D:3      | Reached XP level 5. HP: 33/33 MP: 5/5
  1673 | D:3      | Killed from afar by an orc priest

Vault maps used:
D:1:      co_arrival_random_square_maze, minmay_gold_behind_fungi,
          hangedman_decor_slide_cut, hangedman_decor_push, minmay_unequal
D:2:      solitary_fountain, minmay_misc_feat_room
D:3:      first_bread, minmay_misc_feat_secret_circle,
          okawaru_ov_weapons_minmay, uniq_jessica, uniq_terence

Skill      XL: |  1  2  3  4 |
---------------+-------------+-----
Dodging        | 1 |  1.6
Armour         | 4 |  4.1
Fighting       | 4 |  4.0
Maces & Flails | 3 |  3.1
Shields        | |  3.2

Action                   |  1- 3 |  4- 6 || total
-------------------------+-------+-------++-------
Melee: Flail             |   149 |    55 ||   204
  Use: Scroll            |     7 |     1 ||     8
  Eat: Chunk             |       |     3 ||     3
Armor: Scale mail        |   112 |    27 ||   139
Dodge: Dodged            |   113 |    24 ||   137
